 Dungeon Crawl Stone Soup version 0.22.0-49-gab54619674 (webtiles) character file.

11074 Americanboy the Cleaver (level 11, -5/99 HPs)
             Began as a Minotaur Fighter on Sept 6, 2018.
             Was a High Priest of Okawaru.
             Killed from afar by a fire dragon (49 damage)
             ... with a blast of flame
             ... on level 11 of the Dungeon.
             The game lasted 00:15:05 (8381 turns).

Americanboy the Cleaver (Minotaur Fighter)          Turns: 8381, Time: 00:15:07

Health: -5/99      AC: 15    Str: 24    XL:     11   Next: 44%
Magic:  4/11       EV: 15    Int:  5    God:    Okawaru [*****.]
Gold:   638        SH: 20    Dex: 12    Spells: 10/10 levels left

rFire    . . .     SeeInvis .   d - +8 hand axe "Obiriack" {chop, rPois}
rCold    . . .     Gourm    .   G - +0 large shield
rNeg     . . .     Faith    .   y - +0 swamp dragon scales
rPois    +         Spirit   .   m - +2 hat
rElec    .         Reflect  .   (no cloak)
rCorr    .         Harm     .   n - +1 pair of gloves
MR       .....                  (no boots)
Stlth    ++........             (no amulet)
HPRegen  0.26/turn              (no ring)
MPRegen  0.12/turn              (no ring)

@: heroism, finesse
A: retaliatory headbutt, hooves 1, horns 2, agile 1
a: Heroism, Finesse, Renounce Religion


You were on level 11 of the Dungeon.
You worshipped Okawaru.
Okawaru was extremely pleased with you.
You were not hungry.

You visited 2 branches of the dungeon, and saw 12 of its levels.

You collected 638 gold pieces.

Inventory:

Hand Weapons
 d - the +8 hand axe "Obiriack" (weapon) {chop, rPois}
   (You found it on level 5 of the Dungeon)

   It inflicts extra damage upon your enemies.
   It protects you from poison.
Armour
 m - a +2 hat (worn)
 n - a +1 pair of gloves (worn)
 o - a +2 pair of boots
 y - +0 swamp dragon scales (worn)
 G - a +0 large shield (worn)
Jewellery
 C - an uncursed ring of ice
Wands
 a - a wand of scattershot (14)
 b - a wand of enslavement (8)
 q - a wand of digging (13)
 x - a wand of random effects (15)
 B - a wand of disintegration (19)
Scrolls
 e - 4 scrolls of blinking
 g - 3 scrolls of enchant weapon
 r - 4 scrolls of teleportation
 s - 3 scrolls of fear
 u - 4 scrolls of remove curse
 w - a scroll of fog
 A - a scroll of enchant armour
 F - a scroll of identify
Potions
 h - a potion of lignification
 i - a potion of ambrosia
 j - a potion of heal wounds
 k - 5 potions of haste
 l - 2 potions of agility
 p - a potion of mutation
 t - 3 potions of curing
 v - 2 potions of cancellation {unknown}
 z - a potion of brilliance {unknown}
 D - a potion of might
 E - a potion of berserk rage {unknown}
Comestibles
 f - 16 rations


   Skills:
 * Level 9.7(14.7) Fighting
 * Level 14.0(19.0) Axes
 + Level 8.7(13.7) Armour
 + Level 6.0(11.0) Dodging
 - Level 0.4(5.4) Stealth
 + Level 9.2(14.2) Shields
 + Level 2.0 Invocations


You had 10 spell levels left.
You didn't know any spells.
Your spell library contained the following spells:

 Spells                   Type           Power        Failure   Level  Hunger
 Flame Tongue             Conj/Fire      #....        96%         1    ##.....
 Shock                    Conj/Air       #...         96%         1    ##.....
 Swiftness                Chrm/Air       #.......     99%         2    ###....
 Throw Flame              Conj/Fire      #.....       99%         2    ###....
 Conjure Flame            Conj/Fire      #.......     100%        3    ####...
 Inner Flame              Hex/Fire       #.......     100%        3    ####...
 Static Discharge         Conj/Air       #.......     100%        3    ####...
 Airstrike                Air            #.........   100%        4    #####..
 Sticky Flame             Conj/Fire      #.......     100%        4    #####..
 Fireball                 Conj/Fire      #.........   100%        5    ######.
 Lightning Bolt           Conj/Air       #.........   100%        5    ######.


Dungeon Overview and Level Annotations

Branches:
Dungeon (11/15)            Temple (1/1) D:4            Lair (0/6) D:10
    Orc: D:9-12

Altars:
Ashenzari
Dithmenos
Elyvilon
Fedhas
Makhleb
Nemelex Xobeh
Okawaru
Ru
Uskayaw
Vehumet
Wu Jian
Xom
Yredelemnul
Zin
The Shining One


Innate Abilities, Weirdness & Mutations

You reflexively headbutt those who attack you in melee.
You have a pair of horns on your head.
You have large cloven feet.
You are agile. (Dex +2)


Message History

The fire dragon is lightly wounded.
The fire dragon bites you!
The fire dragon claws you but does no damage.
The fire dragon tramples you but does no damage.
You are too injured to fight recklessly!
You are too injured to fight recklessly!
You are too injured to fight recklessly!
You are too injured to fight recklessly!
You hit the fire dragon.
The fire dragon is lightly wounded.
You slash the fire dragon! Your kick misses the fire dragon.
The fire dragon is lightly wounded.
You slash the fire dragon!
You kick the fire dragon, but do no damage.
You headbutt the fire dragon, but do no damage.
The fire dragon is moderately wounded.
You hit the gargoyle but do no damage. The fire dragon breathes flames at you.
The blast of flame hits you!
You die...

..#.........##.
#.#.........#..
#.#.........##.
#.#.........#.#
#..............
#.#..[......#.#
#.#.........##.
#.#######.#.........#..
#....9@...#.........##.
#####D#########.#######
... #............ #.#.
#..#.###..#.#
#########....# #<...#
.#.#.#.#.#.#.##.###..###
......†..............###
.#.#.#.#.#.#............
#####.#.......#####


You could see a fire dragon and a gargoyle.

Vanquished Creatures
  2 two-headed ogres
  3 death yaks (D:10)
  Pikel (D:5)
  An ugly thing (D:11)
  2 trolls
  Grinder (D:6)
  2 hippogriffs
  Sigmund (D:5)
  A wraith (D:6)
  5 yaks
  A wyvern (D:10)
  Grum (D:10)
  2 hungry ghosts
  A porcupine (D:10)
  Duvessa (D:7)
  2 water moccasins
  2 sky beasts (D:9)
  3 slaves (D:5)
  2 ice beasts
  2 phantoms
  A black bear (D:8)
  A necrophage (D:11)
  An orc warrior (D:11)
  A wolf (D:9)
  7 ogres
  5 centaurs
  4 big kobolds
  9 bullfrogs
  Dowan (D:7)
  A wyvern skeleton (D:7)
  A scorpion (D:8)
  A water moccasin skeleton (D:6)
  8 killer bees
  A howler monkey (D:9)
  2 jellies
  A crimson imp (D:7)
  A bullfrog skeleton (D:5)
  A hound (D:10)
  A centaur skeleton (D:11)
  3 orc wizards
  Crazy Yiuf (D:2)
  4 iguanas
  2 hell rats (D:10)
  8 worker ants
  2 hound skeletons (D:5)
  3 gnolls (D:9)
  A howler monkey skeleton (D:5)
  2 river rats (D:10)
  9 adders
  4 shadow imps
  An ooze (D:2)
  6 leopard geckos
  25 orcs
  6 giant cockroaches
  7 goblins
  9 hobgoblins
  9 jackals
  3 quokkas
  12 bats
  2 frilled lizards
  A jackal skeleton (D:4)
  25 kobolds
  10 rats
239 creatures vanquished.

Vanquished Creatures (others)
  A slave (D:5)
1 creature vanquished.

Grand Total: 240 creatures vanquished

Notes
Turn   | Place    | Note
-------+----------+-------------------------------------------
     0 | D:1      | Americanboy the Minotaur Fighter began the quest for the
                  | Orb.
     0 | D:1      | Reached XP level 1. HP: 19/19 MP: 0/0
   118 | D:1      | Reached XP level 2. HP: 27/27 MP: 1/1
   283 | D:1      | Reached XP level 3. HP: 31/33 MP: 2/2
   587 | D:2      | Reached skill level 3 in Axes
   997 | D:2      | Found a runed door.
  1292 | D:2      | Reached XP level 4. HP: 41/41 MP: 3/3
  1504 | D:2      | Noticed Crazy Yiuf
  1509 | D:2      | Killed Crazy Yiuf
  1659 | D:3      | Reached skill level 4 in Axes
  1662 | D:3      | HP: 2/41 [poisoned by a kobold]
  2107 | D:3      | Reached XP level 5. HP: 47/47 MP: 4/4
  2601 | D:4      | Reached skill level 5 in Armour
  2642 | D:4      | Found a staircase to the Ecumenical Temple.
  2674 | Temple   | Entered the Ecumenical Temple
  2697 | Temple   | Became a worshipper of Warmaster Okawaru
  2719 | D:4      | Reached skill level 5 in Fighting
  3071 | D:5      | Entered Level 5 of the Dungeon
  3145 | D:5      | Noticed a slave
  3145 | D:5      | Noticed a slave
  3146 | D:5      | Noticed Pikel
  3146 | D:5      | Noticed a slave
  3146 | D:5      | Noticed a slave
  3152 | D:5      | Killed a slave
  3154 | D:5      | Killed a slave
  3154 | D:5      | Killed a slave
  3156 | D:5      | Reached XP level 6. HP: 42/56 MP: 5/5
  3157 | D:5      | Killed Pikel
  3157 | D:5      | Reached * piety under Okawaru
  3157 | D:5      | Reached skill level 6 in Axes
  3157 | D:5      | Reached skill level 1 in Dodging
  3157 | D:5      | Reached XP level 7. HP: 46/62 MP: 6/6
  3201 | D:5      | Got an encrusted hand axe
  3202 | D:5      | Identified the +8 hand axe "Obiriack" {chop, rPois} (You
                  | found it on level 5 of the Dungeon)
  3339 | D:5      | Reached skill level 5 in Shields
  3390 | D:5      | Noticed Sigmund
  3397 | D:5      | Killed Sigmund
  3397 | D:5      | Reached skill level 7 in Axes
  3520 | D:5      | Reached ** piety under Okawaru
  3708 | D:5      | Reached XP level 8. HP: 42/70 MP: 7/7
  4014 | D:6      | Noticed Grinder
  4019 | D:6      | Paralysed by Grinder for 4 turns
  4030 | D:6      | Reached skill level 8 in Axes
  4032 | D:6      | Paralysed by Grinder for 5 turns
  4040 | D:6      | Killed Grinder
  4281 | D:6      | Reached skill level 9 in Axes
  4294 | D:6      | Got a transparent scale mail
  4305 | D:6      | Identified the cursed +0 scale mail "Cexzukh" {Str+2} (You
                  | found it on level 6 of the Dungeon)
  4425 | D:6      | Found a sacrificial altar of Ru.
  4634 | D:6      | Reached *** piety under Okawaru
  4927 | D:7      | Reached XP level 9. HP: 76/77 MP: 8/8
  5152 | D:7      | Noticed Duvessa
  5152 | D:7      | Noticed Dowan
  5160 | D:7      | Killed Duvessa
  5163 | D:7      | Killed Dowan
  5176 | D:7      | Reached skill level 10 in Axes
  5273 | D:7      | Found a basalt altar of Yredelemnul.
  5273 | D:7      | Found an ornate altar of the Wu Jian Council.
  5436 | D:7      | Reached **** piety under Okawaru
  5584 | D:8      | Got a fine hand axe
  5585 | D:8      | Identified the cursed +1 hand axe of Arrival {freeze, rF+
                  | Int+4} (You found it on level 8 of the Dungeon)
  5675 | D:8      | Reached skill level 11 in Axes
  5772 | D:8      | Found a blossoming altar of Fedhas.
  6033 | D:9      | Reached XP level 10. HP: 86/86 MP: 9/9
  6095 | D:9      | Gained mutation: You have large cloven feet. [potion of
                  | mutation]
  6095 | D:9      | Gained mutation: You are agile. (Dex +2) [potion of
                  | mutation]
  6221 | D:9      | Reached ***** piety under Okawaru
  6643 | D:9      | Reached skill level 12 in Axes
  6920 | D:10     | Entered Level 10 of the Dungeon
  6920 | D:10     | Noticed Grum
  6920 | D:10     | Noticed a two-headed ogre
  7233 | D:9      | Killed a two-headed ogre
  7233 | D:9      | Reached skill level 5 in Dodging
  7372 | D:10     | Killed Grum
  7476 | D:10     | Noticed a death yak
  7477 | D:10     | Noticed a death yak
  7482 | D:10     | Noticed a death yak
  7493 | D:10     | Killed a death yak
  7493 | D:10     | Reached skill level 1 in Invocations
  7508 | D:10     | Killed a death yak
  7508 | D:10     | Received a gift from Okawaru
  7508 | D:10     | Reached skill level 13 in Axes
  7521 | D:10     | Killed a death yak
  7521 | D:10     | Reached XP level 11. HP: 36/97 MP: 11/11
  7524 | D:10     | Found a staircase to the Lair.
  8200 | D:11     | Noticed a two-headed ogre
  8210 | D:11     | Noticed a brown ugly thing
  8215 | D:11     | Killed a two-headed ogre
  8221 | D:11     | Killed a brown ugly thing
  8221 | D:11     | Reached skill level 14 in Axes
  8375 | D:11     | Noticed a fire dragon
  8381 | D:11     | Killed from afar by a fire dragon

Skill      XL: |  1  2  3  4  5  6  7  8  9 10 11 |
---------------+----------------------------------+-----
Fighting       | 4 5 6 7 9 |  9.7
Armour         | 4 5 6 7 8 |  8.7
Axes           | 3 4 6 7 9 11 13 14 | 14.0
Shields        | 4 5 6 7 8 9 |  9.2
Dodging        | 1 2 4 5 6 |  6.0
Invocations    | 1 2 |  2.0
Stealth        | |  0.4

Action                   |  1- 3 |  4- 6 |  7- 9 | 10-12 || total
-------------------------+-------+-------+-------+-------++-------
Melee: War axe           |    85 |    68 |       |       ||   153
       Headbutt          |     8 |     9 |    33 |    58 ||   108
       Hand axe          |       |       |   216 |   229 ||   445
       Kick              |       |       |       |    25 ||    25
Invok: Heroism           |       |       |     2 |     5 ||     7
       Finesse           |       |       |       |     3 ||     3
  Use: Scroll            |     6 |     4 |    12 |     5 ||    27
       Potion            |       |     1 |       |     2 ||     3
  Eat: Chunk             |     1 |     1 |       |     2 ||     4
       Ration            |       |     2 |     2 |     3 ||     7
Armor: Scale mail        |    33 |    34 |    39 |       ||   106
       Swamp dragon scal |       |       |    30 |    57 ||    87
Dodge: Dodged            |    33 |    25 |    56 |    95 ||   209
Block: Shield            |    41 |    44 |   111 |    92 ||   288
